 Dungeon Crawl Stone Soup version 0.31.0-4-g52a2dc7128 (webtiles) character file.

Game seed: 14445246361358300318

4566 thirtiethelement the Cleaver (level 10, -15/84 HPs)
             Began as a Demonspawn Berserker on Jan 23, 2024.
             Was an Elder of Trog.
             Killed from afar by an acid dragon (26 damage)
             ... with a splash of acid
             ... on level 8 of the Dungeon.
             The game lasted 00:13:07 (7923 turns).

thirtiethelement the Cleaver (Demonspawn Berserker) Turns: 7923, Time: 00:13:08

Health: -15/84     AC:  6    Str: 22    XL:     10   Next: 18%
Magic:  10/10      EV: 27    Int:  7    God:    Trog [****..]
Gold:   546        SH:  8    Dex: 16    Spells: 9/9 levels left

rFire   . . .        o - +3 broad axe (flame)
rCold   . . .        E - +0 kite shield
rNeg    . . .        C - +3 leather armour
rPois   .            (helmet restricted)
rElec   .            w - +2 cloak {Stlth+}
rCorr   .            u - +0 pair of gloves {Dex+3}
SInv    .            (no boots)
Will    .....        g - amulet of the acrobat
Stlth   +++          a - ring of flight
HPRegen 0.34/turn    h - +4 ring of slaying
MPRegen 0.12/turn

%: acrobat
@: about to teleport, corroded, acrobatic, flying
A: horns 1, yellow scales 2, ignite blood 2, robust 1, demonic magic 2
a: Renounce Religion, Berserk, Trog's Hand, Brothers in Arms


You were on level 8 of the Dungeon.
You worshipped Trog.
Trog was greatly pleased with you.
You visited 2 branches of the dungeon, and saw 10 of its levels.

You collected 705 gold pieces.
You spent 159 gold pieces at shops.

Inventory:

Hand Weapons
 j - a +2 vampiric hand axe
 o - a +3 broad axe of flaming (weapon)
 q - a +0 hand axe of flaming
Armour
 n - a +0 ring mail of willpower
 r - the orb "Vukeriar" {*Rage, Harm rC- Necro Tloc}
   (You found it on level 5 of the Dungeon)

   rC-:       It makes you vulnerable to cold.
   Harm:      It increases damage dealt and taken.
   Necro:     It increases the power of your Necromancy spells.
   Tloc:      It increases the power of your Translocations spells.
 u - a +0 pair of gloves of dexterity (worn)
 w - a +2 cloak of stealth (worn)
 C - a +3 leather armour (worn)
 E - a +0 kite shield (worn)
Jewellery
 a - a ring of flight (left hand)
 g - an amulet of the acrobat (around neck)
 h - a +4 ring of slaying (right hand)
 s - a ring of willpower
 y - a ring of magical power
Talismans
 e - a flux talisman
Wands
 x - a wand of flame (58)
 z - a wand of quicksilver (15)
Scrolls
 c - 2 scrolls of enchant weapon
 l - 2 scrolls of fear
 m - 4 scrolls of teleportation
 p - a scroll of poison
 t - 5 scrolls of noise
 B - a scroll of butterflies
 D - a scroll of blinking
Potions
 b - 2 potions of might
 f - a potion of berserk rage
 i - 6 potions of curing
 v - a potion of brilliance
 A - a potion of resistance
 F - a potion of magic


   Skills:
 + Level 6.8 Fighting
 + Level 10.1 Axes
 + Level 5.4 Armour
 + Level 5.1 Dodging
 + Level 3.3 Stealth
 + Level 0.2 Shields


You had 9 spell levels left.
You didn't know any spells.
Your spell library contained the following spells:

 Spells                   Type           Power      Damage    Failure   Level
 Apportation              Tloc           0%         N/A       80%         1
 Necrotise                Necr           0%         1d4       80%         1
 Sting                    Conj/Alch      0%         1d3       80%         1
 Summon Small Mammal      Summ           0%         N/A       80%         1
 Blink                    Tloc           0%         N/A       91%         2
 Lesser Beckoning         Tloc           0%         N/A       91%         2
 Momentum Strike          Conj/Tloc      0%         3d8       91%         2
 Scorch                   Fire           0%         2d5       91%         2
 Volatile Blastmotes      Fire/Tloc      0%         2d10      99%         3
 Flame Wave               Conj/Fire      0%         2d4       100%        4
 Fulminant Prism          Conj/Alch      0%         3d5       100%        4
 Iskenderun's Mystic Bla  Conj/Tloc      0%         2d3       100%        4
 Summon Cactus Giant      Summ           0%         N/A       100%        6


Dungeon Overview and Level Annotations

Branches:
Dungeon (9/15)             Temple (1/1) D:4
   Lair: D:8-11         Orc: D:9-12

Altars:
Ashenzari
Cheibriados
Dithmenos
Fedhas
Gozag
Hepliaklqana
Kikubaaqudgha
Makhleb
Nemelex Xobeh
Okawaru
Qazlal
Ru
Sif Muna
Trog
Uskayaw
Vehumet
Wu Jian
Xom
Yredelemnul

Shops:
D:6 ?


Innate Abilities, Weirdness & Mutations

You have a pair of small horns on your head.
You are mostly covered in yellow scales. (AC +3)
Your demonic aura often causes spilled blood to erupt in flames.
You are robust. (+10% HP)
Spells you cast may paralyse nearby enemies.


Message History

No target in view!
No target in view!
d - a scroll of identify
As you read the scroll of identify, it crumbles to dust.
p - a scroll of poison
Found a stone staircase leading up.
An acid dragon comes into view.
The acid dragon spits acid at you. The splash of acid hits you!!
The acid corrodes you!
You barely miss the acid dragon. Your headbutt misses the acid dragon.
The acid dragon spits acid at you. The splash of acid hits you!!
The acid corrodes you!
You are too injured to fight recklessly!
You are too injured to fight recklessly!
You are too injured to fight recklessly!
You are too injured to fight recklessly!
You are too injured to fight recklessly!
You are too injured to fight recklessly!
You are too injured to fight recklessly!
You are too injured to fight recklessly!
You are too injured to fight recklessly!
The acid dragon barely misses you. The acid dragon misses you.
The acid dragon attacks as it pursues you!
The acid dragon bites you! The acid dragon claws you.
There is a stone staircase leading up here.
The acid dragon closely misses you. You block the acid dragon's attack.
You fly upwards.
There is a stone staircase leading down here.
The acid dragon attacks as it pursues you!
The acid dragon misses you. The acid dragon closely misses you.
The acid dragon attacks as it pursues you!
You block the acid dragon's attack. The acid dragon barely misses you.
As you read the scroll of teleportation, it crumbles to dust.
You feel strangely unstable. The acid dragon spits acid at you.
The splash of acid hits you!!
* * * LOW HITPOINT WARNING * * *
The acid dragon spits acid at you. The splash of acid hits you!!
You die...

.............#.........#
.##....................#
........#.#............#
........#......#>##...##
.##.##..###...........#
.#.............#.##...#
.#................D...#
.........##..........##
.............###@##..#
.............# #.##..#
##..##.###.#.# #.##..#
##...........###.##..#
.#####.###...........#
.....................#
..#######..#.###.....#
...........#.#
############
.....#.......# #.......#


You could see an acid dragon (catching breath).

Vanquished Creatures
  A two-headed ogre (D:8)
  Maggie (D:6)
  Psyche (D:8)
  Prince Ribbit (D:6)
  3 wyverns
  2 steam dragons
  2 vampire mosquitoes (D:9)
  Edmund (D:6)
  An orc warrior (D:9)
  A sky beast (D:6)
  An ogre (D:6)
  A phantom (D:7)
  4 bullfrogs
  2 scorpions (D:5)
  A gnoll sergeant (D:9)
  5 wights (D:8)
  6 killer bees (D:9)
  2 bombardier beetles
  4 hounds
  An orc priest (D:7)
  2 sleepcaps
  A gnoll bouda (D:7)
  Crazy Yiuf (D:6)
  7 iguanas
  5 orc wizards
  Robin (D:3)
  13 gnolls
  11 adders
  A shadow imp (D:6)
  A white imp (D:7)
  2 ribbon worms (D:3)
  A dart slug (D:4)
  13 orcs
  4 endoplasms
  A giant cockroach (D:1)
  10 goblins
  13 hobgoblins
  5 jackals
  6 kobolds
  3 quokkas
  6 ball pythons
  5 bats
  2 frilled lizards
  3 rats
158 creatures vanquished.

Notes
Turn   | Place    | Note
-------+----------+-------------------------------------------
     0 | D:1      | thirtiethelement the Demonspawn Berserker began the quest
                  | for the Orb.
     0 | D:1      | Reached XP level 1. HP: 18/18 MP: 1/1
   123 | D:1      | Reached skill level 3 in Axes
   123 | D:1      | Gained mutation: You have a pair of small horns on your
                  | head. [demonic ancestry]
   123 | D:1      | Reached XP level 2. HP: 7/24 MP: 2/2
   322 | D:1      | Found a faded altar of an unknown god.
   735 | D:2      | Reached XP level 3. HP: 16/29 MP: 3/3
   737 | D:2      | Reached ** piety under Trog
  1499 | D:3      | Gained mutation: Your demonic aura sometimes causes spilled
                  | blood to erupt in flames. [demonic ancestry]
  1499 | D:3      | Reached XP level 4. HP: 35/35 MP: 4/4
  1888 | D:3      | Noticed Robin
  1902 | D:3      | Killed Robin
  1903 | D:3      | Reached skill level 4 in Axes
  2081 | D:3      | Gained mutation: You are partially covered in yellow
                  | scales. (AC +2) [demonic ancestry]
  2081 | D:3      | Reached XP level 5. HP: 39/41 MP: 5/5
  2224 | D:3      | Found a blossoming altar of Fedhas.
  2539 | D:4      | Noticed a wyvern
  2546 | D:4      | Killed a wyvern
  2547 | D:4      | Gained mutation: You are mostly covered in yellow scales.
                  | (AC +3) [demonic ancestry]
  2547 | D:4      | Reached XP level 6. HP: 26/48 MP: 6/6
  2697 | D:4      | Reached *** piety under Trog
  2698 | D:4      | Reached skill level 5 in Axes
  2826 | D:4      | Found a staircase to the Ecumenical Temple.
  2833 | Temple   | Entered the Ecumenical Temple
  3174 | D:5      | Entered Level 5 of the Dungeon
  3174 | D:5      | Found a shadowy altar of Dithmenos.
  3181 | D:5      | Found a bloodstained altar of Trog.
  3282 | D:5      | Noticed a wyvern
  3295 | D:5      | Killed a wyvern
  3296 | D:5      | Gained mutation: Your demonic aura often causes spilled
                  | blood to erupt in flames. [demonic ancestry]
  3296 | D:5      | Reached XP level 7. HP: 18/55 MP: 7/7
  4396 | D:5      | Reached skill level 1 in Stealth
  4493 | D:5      | Reached skill level 6 in Axes
  4495 | D:5      | Identified the orb "Vukeriar" {*Rage, Harm rC- Necro Tloc}
  4713 | D:6      | Noticed Edmund
  4723 | D:6      | Killed Edmund
  4724 | D:6      | Gained mutation: Spells you cast may paralyse adjacent
                  | enemies. [demonic ancestry]
  4724 | D:6      | Reached XP level 8. HP: 45/61 MP: 8/8
  4831 | D:6      | Reached skill level 5 in Fighting
  4872 | D:6      | Found Nuesuxiel's Magic Scroll Shop.
  4876 | D:6      | Bought a scroll of identify for 22 gold pieces
  4876 | D:6      | Bought a scroll of identify for 22 gold pieces
  4876 | D:6      | Bought a scroll of enchant weapon for 82 gold pieces
  4876 | D:6      | Bought a scroll of identify for 22 gold pieces
  4876 | D:6      | Bought a scroll of noise for 11 gold pieces
  4877 | D:6      | Gained mutation: You are robust. (+10% HP) [potion of
                  | mutation]
  5059 | D:6      | Noticed Maggie
  5065 | D:6      | Killed Maggie
  5066 | D:6      | Reached skill level 7 in Axes
  5266 | D:6      | Found a runed translucent door.
  5267 | D:6      | Noticed Crazy Yiuf
  5273 | D:6      | Killed Crazy Yiuf
  5402 | D:6      | Reached skill level 5 in Armour
  5406 | D:6      | Noticed Prince Ribbit
  5416 | D:6      | Killed Prince Ribbit
  5583 | D:6      | Mutation became permanent: You are robust. (+10% HP)
                  | [demonic ancestry]
  5583 | D:6      | Gained mutation: You are robust. (+10% HP) [demonic
                  | ancestry]
  5583 | D:6      | Reached XP level 9. HP: 70/75 MP: 9/9
  5714 | D:7      | Found a hide-covered altar of Uskayaw.
  5911 | D:7      | Reached skill level 8 in Axes
  6839 | D:8      | Noticed Psyche
  6841 | D:8      | Noticed a two-headed ogre
  6872 | D:8      | Killed Psyche
  6873 | D:8      | Reached skill level 9 in Axes
  7180 | D:8      | Killed a two-headed ogre
  7181 | D:8      | Reached skill level 5 in Dodging
  7422 | D:9      | Gained mutation: Spells you cast may paralyse nearby
                  | enemies. [demonic ancestry]
  7422 | D:9      | Reached XP level 10. HP: 69/84 MP: 10/10
  7595 | D:9      | Found a shimmering blue altar of Sif Muna.
  7603 | D:9      | Reached **** piety under Trog
  7742 | D:9      | Reached skill level 10 in Axes
  7923 | D:8      | Killed from afar by an acid dragon

Illustrated notes

Levels and vault maps discovered:
D:1:      dpeg_arrival_boxorama, layout_rooms,
          shapermc_ecumenical_altar_acropolis
D:2:      layout_basic, kennysheep_generic_room_11
D:3:      layout_rooms, fedhas_altar_4, serial_glass, glass_columns_a,
          glass_columns_a, minmay_pentangle, uniq_robin
D:4:      layout_cave_pods, zin_statuary, minmay_temple_entry_mini_moons,
          minmay_misc_feat_hallway
D:5:      layout_loops_corners, grunt_temple_overflow_open,
          lightli_corner_chamber
D:6:      layout_loops_ring, elyvilon_altar_3, serial_shops, shop,
          chequers_serial_rivers_micro_e, uniq_maggie, uniq_prince_ribbit1,
          uniq_crazy_yiuf_cottage, uniq_edmund
D:7:      layout_basic, lemuel_crystal_altar, hangedman_decor_lopped,
          minmay_gold_behind_fungi
D:8:      layout_basic, glass_columns_b, uniq_psyche
D:9:      layout_irregular_city, kennysheep_orc_sif_temple, orc_0_dummy,
          minmay_misc_feat_pillars
Temple:   hellmonk_temple_of_storms

Skill      XL: |  1  2  3  4  5  6  7  8  9 10 |
---------------+-------------------------------+-----
Axes           | 3 4 5 6 7 9 10 | 10.1
Dodging        | 2 3 4 5 |  5.1
Armour         | 2 3 4 5 |  5.4
Fighting       | 4 5 6 |  6.8
Stealth        | 1 3 |  3.3
Shields        | |  0.2

Action                     |  1- 3 |  4- 6 |  7- 9 | 10-12 || total
---------------------------+-------+-------+-------+-------++-------
  Melee: Hand axe          |    90 |   151 |    96 |       ||   337
         Headbutt          |     7 |    26 |    31 |     1 ||    65
         Punch             |       |     5 |     4 |       ||     9
         Broad axe         |       |       |    79 |    21 ||   100
 Invoke: Berserk           |       |     1 |     4 |       ||     5
    Use: Scroll            |       |     3 |     4 |     9 ||    16
         Potion            |       |       |     1 |       ||     1
   Stab: Sleeping          |       |       |     3 |     2 ||     5
 Armour: Animal skin       |    15 |       |       |       ||    15
         Leather armour    |    33 |    32 |    25 |    17 ||   107
         Ring mail         |       |    58 |    51 |       ||   109
         Steam dragon scal |       |       |    30 |       ||    30
         Skin              |       |       |     1 |       ||     1
  Dodge: Dodged            |    53 |    83 |   126 |    24 ||   286
  Block: Kite shield       |       |       |       |    10 ||    10
